[Event "Titled Tuesday Blitz June 20 Early 2023"]
[White "Daianu, Cristian-Clement"]
[Black "Skiadopoulos, Nikolaos"]
[WhiteFideId "1208926"]
[BlackFideId "4200772"]
[WhiteElo "2097"]
[BlackElo "2022"]
[Result "1-0"]
[Round "4"]
[TimeControl "180+2"]
[Date "2023.06.20"]
[WhiteClock "0:00:15"]
[BlackClock "0:00:00"]
[Board "209"]

1. d4 Nf6 2. Nf3 g6 3. Bf4 Bg7 4. e3 d6 5. h3 Nbd7 6. Be2 c5 7. c3 O-O 8. O-O cxd4 9. cxd4 Re8 10. Nc3 Qa5 11. a3 e5 12. dxe5 dxe5 13. Bh2 e4 14. Nd4 Qb6 15. b4 Ne5 16. Rc1 Bd7 17. Na4 Bxa4 18. Qxa4 Nd3 19. Rfd1 Nxc1 20. Rxc1 Rec8 21. Bc4 Qd8 22. Qb3 Qe7 23. Nb5 Ne8 24. Rf1 a6 25. Nd4 b5 26. Bd5 Ra7 27. Nc6 Rxc6 28. Bxc6 Nd6 29. Bd5 Nf5 30. Qc2 h5 31. Bxe4 Nd6 32. Bd5 Rc7 33. Qb3 Be5 34. Bxe5 Qxe5 35. Re1 Rc3 36. Qd1 Kg7 37. a4 bxa4 38. f4 Qf6 39. Qxa4 Nf5 40. Bf3 Nxe3 41. Qd7 1-0


[Site "https://www.chess.com"]

[Event "Titled Tuesday Blitz June 20 Early 2023"]
[White "Howell, David W L"]
[Black "Maluco_do_Natal_00"]
[WhiteFideId "410608"]
[WhiteElo "2567"]
[BlackElo "2105"]
[Result "1-0"]
[Round "4"]
[TimeControl "180+2"]
[Date "2023.06.20"]
[WhiteClock "0:01:07"]
[BlackClock "0:00:00"]
[Board "210"]

1. b3 d6 2. Bb2 e5 3. d4 exd4 4. Qxd4 Nc6 5. Qd2 Nf6 6. c4 Be7 7. Nc3 O-O 8. e3 Bf5 9. Nge2 Re8 10. Ng3 Bg6 11. Be2 Nb8 12. f4 h6 13. Bf3 c6 14. O-O Nbd7 15. Rae1 Qb6 16. Kh1 Rad8 17. Na4 Qc7 18. e4 Nb6 19. Nc3 Bf8 20. h3 Nfd7 21. Qd4 Nc5 22. f5 Bh7 23. f6 g6 24. Nce2 Ne6 25. Qd2 Ng5 26. Nf4 Nxf3 27. gxf3 Nd7 28. Rg1 Ne5 29. Ref1 Kh8 30. h4 h5 31. Nh3 d5 32. cxd5 cxd5 33. exd5 Bc5 34. Qh6 1-0


[Site "https://www.chess.com"]

[Event "Titled Tuesday Blitz June 20 Early 2023"]
[White "Gritsenko, Nikolai"]
[Black "Kiseleva, Arina"]
[WhiteFideId "14112493"]
[BlackFideId "4164989"]
[WhiteElo "2389"]
[BlackElo "1701"]
[Result "1-0"]
[Round "4"]
[TimeControl "180+2"]
[Date "2023.06.20"]
[WhiteClock "0:00:11"]
[BlackClock "0:00:01"]
[Board "211"]

1. f3 d5 2. c3 e5 3. Na3 c6 4. Nc2 Bd6 5. g3 f5 6. Nh3 Nf6 7. d3 O-O 8. Bg2 Qe8 9. e3 Qh5 10. Nf2 c5 11. Bd2 Nc6 12. Qe2 a5 13. O-O-O a4 14. h3 Bd7 15. g4 Qf7 16. c4 b5 17. g5 Ne8 18. f4 e4 19. cxd5 Qxd5 20. dxe4 Qxa2 21. e5 a3 22. Bc3 axb2+ 23. Bxb2 Be6 24. Bxc6 Rc8 25. Bxe8 c4 26. Rxd6 c3 27. Ba1 Bb3 28. Rhd1 Bxc2 29. Qxc2 Qxa1+ 30. Qb1 Qa3+ 31. Kc2 Rfxe8 32. Qb3+ Qxb3+ 33. Kxb3 c2 34. Rc1 Rc5 35. Rxc2 Rec8 36. Rxc5 Rxc5 37. Nd3 Rc8 38. e6 1-0


[Site "https://www.chess.com"]

[Event "Titled Tuesday Blitz June 20 Early 2023"]
[White "Vega Gutierrez, Sabrina"]
[Black "Fudalej, Michal"]
[WhiteFideId "2219026"]
[BlackFideId "1118781"]
[WhiteElo "2209"]
[BlackElo "2088"]
[Result "1-0"]
[Round "4"]
[TimeControl "180+2"]
[Date "2023.06.20"]
[WhiteClock "0:00:23"]
[BlackClock "0:00:00"]
[Board "212"]

1. e4 c6 2. d4 d5 3. e5 g6 4. Nf3 Bg7 5. Be2 Nh6 6. O-O O-O 7. Re1 c5 8. c3 Nc6 9. h3 Bf5 10. Nbd2 cxd4 11. cxd4 Rc8 12. a3 Nxe5 13. Nf1 Nc4 14. Ng3 Qd7 15. b3 Nd6 16. Ra2 Ne4 17. Nxe4 Bxe4 18. Ne5 Qc7 19. Bf4 Qb6 20. b4 Nf5 21. Nd7 Qxd4 22. Nxf8 Kxf8 23. Rd2 Qc3 24. Bd3 Nd6 25. Bxd6 exd6 26. Bxe4 dxe4 27. Rxd6 Be5 28. Rd5 f5 29. Rd8+ Ke7 30. Qd7+ Kf6 31. Rd1 Rc7 32. Rf8+ Kg5 33. Qd8+ Kh6 34. Qd5 1-0


[Site "https://www.chess.com"]

[Event "Titled Tuesday Blitz June 20 Early 2023"]
[White "Makhmudov, Shukhrat"]
[Black "Politov, Pavel Y."]
[WhiteFideId "14200775"]
[BlackFideId "24110515"]
[WhiteElo "2135"]
[BlackElo "2066"]
[Result "1-0"]
[Round "4"]
[TimeControl "180+2"]
[Date "2023.06.20"]
[WhiteClock "0:01:19"]
[BlackClock "0:00:00"]
[Board "213"]

1. Nf3 d5 2. d4 Nf6 3. e3 c5 4. b3 Nc6 5. Bb2 cxd4 6. exd4 e6 7. Bd3 Bd6 8. a3 O-O 9. O-O a6 10. Nbd2 Bd7 11. Ne5 Qc7 12. f4 Qb6 13. Kh1 Nxd4 14. Nxd7 Nxd7 15. Nc4 dxc4 16. Bxd4 Qc7 17. Bxc4 Bxf4 18. Qh5 Be5 19. Rad1 Bxd4 20. Rxd4 Qe5 21. Qd1 Nf6 22. Bd3 Rfd8 23. Rxd8+ Rxd8 24. Bxh7+ Kxh7 25. Qxd8 Ng4 26. Qh4+ Nh6 27. h3 Qe2 28. Rxf7 Qd1+ 29. Kh2 Qd6+ 30. Qf4 Qc6 31. Rc7 Qe8 32. Qe5 Nf7 33. Qe4+ Kg8 34. Qxb7 Qd8 35. Rxf7 Qd6+ 36. Kg1 Qd1+ 37. Rf1 Qd4+ 38. Kh1 Qd8 39. Qf7+ 1-0


[Site "https://www.chess.com"]

[Event "Titled Tuesday Blitz June 20 Early 2023"]
[White "Zia, Tahsin Tajwar"]
[Black "campochess"]
[WhiteFideId "10211888"]
[WhiteElo "2062"]
[BlackElo "2194"]
[Result "1-0"]
[Round "4"]
[TimeControl "180+2"]
[Date "2023.06.20"]
[WhiteClock "0:00:02"]
[BlackClock "0:00:00"]
[Board "214"]

1. d4 Nc6 2. e4 e5 3. d5 Nce7 4. c4 Ng6 5. Nc3 Bc5 6. Be2 d6 7. Nf3 a6 8. O-O Nf6 9. Ne1 O-O 10. Nd3 Ba7 11. h3 c6 12. Kh1 Bd7 13. Qc2 Rc8 14. Qb3 b5 15. dxc6 bxc4 16. Qxc4 Rxc6 17. Qb3 Qb8 18. Qd1 Rd8 19. Bg5 Be6 20. a3 Rxc3 21. bxc3 Nxe4 22. f4 Nxc3 23. Qd2 Nxe2 24. Qxe2 exf4 25. Nxf4 Nxf4 26. Bxf4 Bc5 27. Rab1 Qa8 28. Bg5 Rc8 29. Rf3 Qd5 30. Rg3 Kh8 31. Qh5 Qf5 32. Re1 Bf2 33. Rf3 Qc5 34. Rf1 Bd4 35. Qh4 Be5 36. Be3 Qc4 37. Qe7 Qc7 38. Qh4 f6 39. Bf4 d5 40. Bxe5 Qxe5 41. Re1 Qd6 42. Rfe3 Bf7 43. Qg4 h5 44. Qxc8+ Kh7 45. Qf5+ Bg6 46. Qf3 d4 47. Re7 d3 48. Qb7 d2 49. Rxg7+ Kh6 50. Rxg6+ Kxg6 51. Qe4+ f5 52. Qe6+ Kg5 53. Qe3+ f4 54. Qe2 1-0


[Site "https://www.chess.com"]

[Event "Titled Tuesday Blitz June 20 Early 2023"]
[White "KSho99"]
[Black "Osinovsky, Stepan"]
[BlackFideId "4157354"]
[WhiteElo "2185"]
[BlackElo "2222"]
[Result "1-0"]
[Round "4"]
[TimeControl "180+2"]
[Date "2023.06.20"]
[WhiteClock "0:00:20"]
[BlackClock "0:00:00"]
[Board "216"]

1. d4 Nf6 2. Nc3 g6 3. e4 d6 4. Be3 c6 5. h3 b5 6. Bd3 b4 7. Nce2 Nbd7 8. f4 c5 9. c3 bxc3 10. bxc3 Qa5 11. Qd2 Ba6 12. Nf3 Bxd3 13. Qxd3 cxd4 14. Bxd4 Nc5 15. Bxc5 Qxc5 16. Qd4 Qxd4 17. cxd4 Nxe4 18. O-O Bg7 19. Rab1 O-O 20. Rb7 e6 21. Rc1 Rfb8 22. Rcc7 Rxb7 23. Rxb7 a5 24. a4 h6 25. Kf1 Bf8 26. Ke1 Kg7 27. Kd1 d5 28. Ne5 Nd6 29. Rd7 Rb8 30. Ra7 Rb7 31. Rxa5 f6 32. Nc6 Kf7 33. Nd8+ Ke8 34. Nxb7 Nxb7 35. Ra8+ Nd8 36. Nc3 g5 37. fxg5 hxg5 38. Nb5 Kd7 39. Ra7+ Kc6 40. Rc7+ Kb6 41. Rh7 Bb4 42. Kc2 Be1 43. Kb3 e5 44. Rh6 exd4 45. Nxd4 Kc5 46. Nc2 Bf2 47. Rxf6 Bg1 48. Rf5 Nc6 49. Rxg5 Kd6 50. Rg6+ Kc5 51. h4 Na5+ 52. Kc3 Nc6 53. h5 d4+ 54. Kb2 d3 55. Rxc6+ Kxc6 56. Nb4+ 1-0


[Site "https://www.chess.com"]

[Event "Titled Tuesday Blitz June 20 Early 2023"]
[White "Mayaud, Raphael"]
[Black "Zallio, Luciano de Souza"]
[WhiteFideId "627151"]
[BlackFideId "2109700"]
[WhiteElo "2191"]
[BlackElo "2057"]
[Result "1/2-1/2"]
[Round "4"]
[TimeControl "180+2"]
[Date "2023.06.20"]
[WhiteClock "0:00:07"]
[BlackClock "0:00:00"]
[Board "217"]

1. d4 d5 2. Nf3 Nf6 3. c4 e6 4. g3 Be7 5. Bg2 O-O 6. O-O c6 7. Qc2 b6 8. Nbd2 Bb7 9. e4 dxe4 10. Nxe4 Nbd7 11. Rd1 Nxe4 12. Qxe4 Nf6 13. Qc2 Qc7 14. Bf4 Bd6 15. Bxd6 Qxd6 16. c5 Qe7 17. Ne5 Rac8 18. b4 Nd5 19. a3 Rfd8 20. Nc4 bxc5 21. bxc5 Ba6 22. Nd6 Rb8 23. Rab1 Qc7 24. Be4 Nf6 25. Bf3 Nd5 26. h4 g6 27. Kg2 Rxb1 28. Rxb1 Rb8 29. Rh1 h5 30. Bxd5 exd5 31. g4 hxg4 32. h5 g5 33. Qf5 Qe7 34. Qxg4 Be2 35. Qg3 Rb2 36. Re1 Bf3+ 37. Qxf3 Qxe1 38. Qxf7+ Kh8 39. Qf6+ Kg8 40. Qxg5+ Kf8 41. Qf6+ Kg8 42. Qf7+ Kh8 43. Qf8+ Kh7 44. Qf5+ Kg8 45. h6 Qe7 46. Qg6+ Kf8 47. Qf5+ Kg8 48. Qg6+ Kf8 49. Nf5 Qf7 50. Qd6+ Kg8 51. Qd8+ Kh7 52. Qg5 Qg6 53. Qxg6+ Kxg6 54. Ne7+ Kxh6 55. Nxc6 Ra2 56. Ne7 Rd2 57. Nxd5 Rxd4 58. Ne3 Ra4 59. c6 Rxa3 60. Nd5 Ra5 61. Ne7 Rc5 62. Kf3 Kg7 63. Ke4 Kf7 64. Kd4 Rc1 65. Nf5 Rxc6 66. Ne3 Rb6 67. Kc4 Rb8 68. Nf5 Kf6 69. Nd6 Ke5 70. Nb5 a6 71. Nc3 Kf4 72. Na4 Kf3 73. Nc5 a5 74. Nb3 a4 75. Nd4+ Kxf2 76. Nc2 Rc8+ 77. Kd3 Rb8 78. Kc3 Rb3+ 79. Kc4 Rb8 80. Na3 Ke2 81. Nc2 Kd2 82. Nd4 Kc1 83. Nf3 a3 84. Nd4 a2 85. Ne2+ Kd2 86. Nc3 a1=Q 87. Ne4+ Ke3 88. Nc5 1/2-1/2


[Site "https://www.chess.com"]

[Event "Titled Tuesday Blitz June 20 Early 2023"]
[White "Martin, Lewis"]
[Black "zano2023"]
[WhiteFideId "410551"]
[WhiteElo "2145"]
[BlackElo "2173"]
[Result "1-0"]
[Round "4"]
[TimeControl "180+2"]
[Date "2023.06.20"]
[WhiteClock "0:01:31"]
[BlackClock "0:01:17"]
[Board "218"]

1. e4 e5 2. Nf3 d6 3. d4 f5 4. exf5 e4 5. Ng5 Bxf5 6. c4 h6 7. Nh3 Nf6 8. Nf4 g5 9. Nh5 Bg6 10. Be2 Nbd7 11. Nc3 c6 12. h4 gxh4 13. Rxh4 Nxh5 14. Rxh5 Bxh5 15. Bxh5+ Ke7 16. Nxe4 Nf6 17. Nxf6 Kxf6 18. Qf3+ Ke6 19. Qf7# 1-0


[Site "https://www.chess.com"]

[Event "Titled Tuesday Blitz June 20 Early 2023"]
[White "Kohler, Aran"]
[Black "Dzhaparov, Medet"]
[WhiteFideId "1002856"]
[BlackFideId "13803689"]
[WhiteElo "2303"]
[BlackElo "1690"]
[Result "1/2-1/2"]
[Round "4"]
[TimeControl "180+2"]
[Date "2023.06.20"]
[WhiteClock "0:00:36"]
[BlackClock "0:00:27"]
[Board "219"]

1. e4 c5 2. Nc3 d6 3. f4 Nc6 4. Nf3 Nf6 5. Bc4 e6 6. d3 Be7 7. a3 O-O 8. O-O d5 9. Ba2 dxe4 10. Nxe4 Nxe4 11. dxe4 Qxd1 12. Rxd1 Rd8 13. Be3 b6 14. Rxd8+ Bxd8 15. Rd1 Be7 16. e5 Kf8 17. c3 Ke8 18. b4 cxb4 19. cxb4 Bb7 20. h4 Rd8 21. Rxd8+ Nxd8 22. Kf2 Kd7 23. Ng5 h6 24. Nf3 Bxf3 25. Kxf3 Nb7 26. h5 Kc7 27. g4 a5 28. bxa5 bxa5 29. f5 Nd8 30. f6 gxf6 31. Bxh6 Nc6 32. exf6 Bxf6 33. g5 Bh8 34. g6 fxg6 35. hxg6 Ne5+ 36. Ke4 Nxg6 37. Bxe6 Bb2 38. a4 Bc3 39. Bg5 Bb4 1/2-1/2


[Site "https://www.chess.com"]

[Event "Titled Tuesday Blitz June 20 Early 2023"]
[White "Samarth J Rao"]
[Black "Georg, Heinz"]
[WhiteFideId "46652370"]
[BlackFideId "4607295"]
[WhiteElo "1564"]
[BlackElo "2295"]
[Result "1-0"]
[Round "4"]
[TimeControl "180+2"]
[Date "2023.06.20"]
[WhiteClock "0:02:00"]
[BlackClock "0:01:17"]
[Board "220"]

1. d4 f5 2. Nf3 Nf6 3. e3 e6 4. Bd3 b6 5. O-O Bb7 6. Qe2 Be7 7. Nbd2 Ne4 8. Ne5 O-O 9. f3 Nf6 10. e4 d6 11. Nec4 fxe4 12. fxe4 d5 13. exd5 exd5 14. Qe6+ Kh8 15. Ne5 Qe8 16. Qh3 Bc8 17. g4 c5 18. Rxf6 h6 19. Rxh6+ gxh6 20. Qxh6+ Kg8 21. Qh7# 1-0


[Site "https://www.chess.com"]

[Event "Titled Tuesday Blitz June 20 Early 2023"]
[White "Modric, Nesa"]
[Black "Nikulina, Alena"]
[WhiteFideId "922579"]
[BlackFideId "4172051"]
[WhiteElo "2167"]
[BlackElo "1608"]
[Result "0-1"]
[Round "4"]
[TimeControl "180+2"]
[Date "2023.06.20"]
[WhiteClock "0:00:01"]
[BlackClock "0:00:11"]
[Board "221"]

1. e4 e5 2. Nf3 d5 3. exd5 e4 4. Qe2 Nf6 5. d3 Qxd5 6. Nbd2 Be7 7. Nxe4 O-O 8. Bd2 Nc6 9. Bc3 Bg4 10. h3 Bf5 11. Nfd2 Rfe8 12. g4 Bg6 13. Bg2 Nd4 14. Bxd4 Qxd4 15. O-O-O Nd5 16. Kb1 Nf4 17. Qf3 Nxg2 18. Qxg2 a5 19. f4 f6 20. f5 Bf7 21. Qf2 Qd5 22. b3 a4 23. Nc3 Qc6 24. Nce4 axb3 25. axb3 Bb4 26. Nc4 b5 27. Nb2 Qa6 28. Kc1 Qa1# 0-1


[Site "https://www.chess.com"]

[Event "Titled Tuesday Blitz June 20 Early 2023"]
[White "Sala, Giulia"]
[Black "Vargas Rodriguez, Wilver"]
[WhiteFideId "2840451"]
[BlackFideId "3509672"]
[WhiteElo "1769"]
[BlackElo "2245"]
[Result "0-1"]
[Round "4"]
[TimeControl "180+2"]
[Date "2023.06.20"]
[WhiteClock "0:01:21"]
[BlackClock "0:01:16"]
[Board "222"]

1. d4 Nf6 2. c4 e6 3. Nc3 d5 4. e3 a6 5. g3 dxc4 6. Bxc4 b5 7. Bf1 Bb7 8. Nf3 c5 9. Bg2 cxd4 10. exd4 Bb4 11. O-O O-O 12. Bg5 h6 13. Bf4 Nbd7 14. Re1 Rc8 15. Qd3 Nb6 16. Ne5 Bxg2 17. Kxg2 Nbd5 18. Bd2 Qb6 19. Nxd5 Nxd5 20. Nd7 Qb7 21. Nxf8 Nf4+ 22. Kf1 Qh1# 0-1


[Site "https://www.chess.com"]

[Event "Titled Tuesday Blitz June 20 Early 2023"]
[White "Ziatdinov, Raset"]
[Black "Floresvillar Gonzalez, Luis Migu"]
[WhiteFideId "2015323"]
[BlackFideId "5100542"]
[WhiteElo "2220"]
[BlackElo "2040"]
[Result "1-0"]
[Round "4"]
[TimeControl "180+2"]
[Date "2023.06.20"]
[WhiteClock "0:01:05"]
[BlackClock "0:00:00"]
[Board "224"]

1. e4 c6 2. d4 d5 3. exd5 cxd5 4. Bd3 Nc6 5. c3 Qc7 6. Na3 Nf6 7. Nb5 Qb8 8. g3 a6 9. Bf4 e5 10. dxe5 Nxe5 11. Nd4 Nxd3+ 12. Qxd3 Bd6 13. Qe3+ Kd8 14. Bxd6 Qxd6 15. O-O-O Re8 16. Qg5 Kc7 17. f3 Rg8 18. Nge2 h6 19. Qf4 Qxf4+ 20. Nxf4 Bd7 21. Rhe1 Rae8 22. Nd3 Rxe1 23. Rxe1 Re8 24. Re5 Rxe5 25. Nxe5 Be6 26. Kd2 Kd6 27. Nd3 Nd7 28. a4 Nc5 29. Nxc5 Kxc5 30. Kd3 Bd7 31. b4+ Kd6 32. a5 Ke5 33. f4+ Kf6 34. Nb3 g5 35. Nc5 Bc6 36. Ke3 gxf4+ 37. Kxf4 Kg6 38. Nd3 f6 39. Nc5 h5 40. h4 Kf7 41. Ke3 Ke7 42. Nd3 Kd6 43. Kd4 Bd7 44. Nf4 1-0


[Site "https://www.chess.com"]

[Event "Titled Tuesday Blitz June 20 Early 2023"]
[White "Sailer, Mike"]
[Black "Calderin Gonzalez, Roberto"]
[WhiteFideId "2012901"]
[BlackFideId "5102979"]
[WhiteElo "2109"]
[BlackElo "2270"]
[Result "1-0"]
[Round "4"]
[TimeControl "180+2"]
[Date "2023.06.20"]
[WhiteClock "0:01:06"]
[BlackClock "0:01:12"]
[Board "225"]

1. d4 Nf6 2. Bg5 e6 3. Nd2 d5 4. e3 Be7 5. Bd3 Nbd7 6. c3 h6 7. Bh4 b6 8. f4 a6 9. Ngf3 c5 10. O-O b5 11. Ne5 Bb7 12. f5 Ne4 13. Nxf7 Kxf7 14. fxe6+ Ke8 15. Qh5+ g6 16. Qxg6# 1-0


[Site "https://www.chess.com"]

[Event "Titled Tuesday Blitz June 20 Early 2023"]
[White "Milovic, Aleksandra"]
[Black "Rosh Jain"]
[WhiteFideId "933988"]
[BlackFideId "25789465"]
[WhiteElo "2000"]
[BlackElo "2233"]
[Result "0-1"]
[Round "4"]
[TimeControl "180+2"]
[Date "2023.06.20"]
[WhiteClock "0:00:29"]
[BlackClock "0:00:45"]
[Board "226"]

1. e4 c5 2. d4 cxd4 3. Nf3 d6 4. c3 d3 5. Bxd3 Nf6 6. O-O Nc6 7. Qe2 g6 8. Bg5 Bg7 9. Nbd2 O-O 10. Nb3 Bd7 11. Qd2 Re8 12. Bh6 Bh8 13. Rfe1 Ng4 14. Bf4 Bg7 15. Bc4 Rc8 16. Ng5 Nce5 17. Bd5 h6 18. Bxb7 hxg5 19. Bxc8 Qxc8 20. Bxg5 Nc4 21. Qe2 Nge5 22. Nd2 Nxb2 23. Reb1 Ned3 24. Nf3 Qxc3 25. Bd2 Qc5 26. Rxb2 Nxb2 27. Be3 Qc4 28. Qxc4 Nxc4 29. Bxa7 Bxa1 30. Ne1 Ra8 0-1


[Site "https://www.chess.com"]

[Event "Titled Tuesday Blitz June 20 Early 2023"]
[White "Rodriguez Santiago, Jaime"]
[Black "Saim, Mohamed Ilias"]
[WhiteFideId "3100898"]
[BlackFideId "7900465"]
[WhiteElo "2025"]
[BlackElo "2063"]
[Result "1-0"]
[Round "4"]
[TimeControl "180+2"]
[Date "2023.06.20"]
[WhiteClock "0:01:33"]
[BlackClock "0:00:31"]
[Board "227"]

1. c4 c5 2. Nc3 Nc6 3. g3 Nf6 4. Bg2 g6 5. e4 Bg7 6. d3 d6 7. Nge2 O-O 8. h3 a6 9. O-O Rb8 10. a4 Nb4 11. Be3 e5 12. f4 Nh5 13. f5 Nc6 14. g4 Nf4 15. Nxf4 exf4 16. Bxf4 Nd4 17. Nd5 b5 18. axb5 axb5 19. Ra7 Bb7 20. f6 Bh8 21. Ne7+ 1-0


[Site "https://www.chess.com"]

[Event "Titled Tuesday Blitz June 20 Early 2023"]
[White "agvania123"]
[Black "Goughfather"]
[WhiteElo "2251"]
[BlackElo "2004"]
[Result "1-0"]
[Round "4"]
[TimeControl "180+2"]
[Date "2023.06.20"]
[WhiteClock "0:00:15"]
[BlackClock "0:00:00"]
[Board "228"]

1. c4 c6 2. Nc3 d5 3. d4 dxc4 4. e3 b5 5. a4 b4 6. Na2 e6 7. Bxc4 Nf6 8. Nf3 Be7 9. O-O O-O 10. b3 c5 11. Bb2 cxd4 12. Bxd4 Nc6 13. Bb2 Bb7 14. Nc1 Qc7 15. Nd3 Rfd8 16. Qe2 Na5 17. Rac1 Nxc4 18. Rxc4 Qa5 19. Bd4 Bd5 20. Rcc1 Bxb3 21. Nfe5 Bd5 22. Nb2 Rac8 23. f3 Ne8 24. Nbd3 Qa6 25. Qd2 f6 26. Ng4 Qxa4 27. Ra1 Qb5 28. Rxa7 Rc7 29. Rxc7 Nxc7 30. Rb1 b3 31. Qc3 Bd6 32. e4 Bc4 33. Nb2 Be2 34. Re1 e5 35. Bf2 Bb4 36. Qxc7 Rd7 37. Qc8+ Kf7 38. Rxe2 Qxe2 39. Qxd7+ Kg6 40. Qf5+ Kf7 41. Qd7+ Kg6 42. h4 h5 43. Qf5+ Kf7 44. Nxe5+ 1-0


[Site "https://www.chess.com"]

[Event "Titled Tuesday Blitz June 20 Early 2023"]
[White "Clawitter, Craig"]
[Black "Porat, Tori"]
[WhiteFideId "2023105"]
[BlackFideId "30982626"]
[WhiteElo "2236"]
[BlackElo "1752"]
[Result "1-0"]
[Round "4"]
[TimeControl "180+2"]
[Date "2023.06.20"]
[WhiteClock "0:00:15"]
[BlackClock "0:00:08"]
[Board "229"]

1. e4 c5 2. Nf3 Nc6 3. d4 cxd4 4. Nxd4 e5 5. Nb5 d6 6. N1c3 a6 7. Na3 b5 8. Nd5 Nf6 9. Bg5 Be7 10. Bxf6 Bxf6 11. c3 Bg5 12. Nc2 Be6 13. a4 Rb8 14. axb5 axb5 15. Ra6 Qc8 16. Ncb4 Bxd5 17. Qxd5 Nxb4 18. Bxb5+ Kf8 19. cxb4 Qc1+ 20. Ke2 Qxb2+ 21. Kf3 Qxb4 22. Bc4 Qc3+ 23. Kg4 h5+ 24. Kxg5 f6+ 25. Kf5 g6+ 26. Kxf6 Rh7 27. Qg8# 1-0


[Site "https://www.chess.com"]

[Event "Titled Tuesday Blitz June 20 Early 2023"]
[White "Better_Chess_Faster"]
[Black "Tuleyeva-Aketayeva, Dana"]
[BlackFideId "13701932"]
[WhiteElo "1998"]
[BlackElo "2030"]
[Result "0-1"]
[Round "4"]
[TimeControl "180+2"]
[Date "2023.06.20"]
[WhiteClock "0:00:00"]
[BlackClock "0:00:06"]
[Board "230"]

1. e4 c5 2. Nf3 Nc6 3. d4 cxd4 4. Nxd4 Nf6 5. Nc3 e5 6. Ndb5 d6 7. Bg5 a6 8. Bxf6 gxf6 9. Na3 b5 10. Nd5 Bg7 11. Bd3 O-O 12. O-O Ne7 13. Nxe7+ Qxe7 14. c3 Be6 15. Qf3 Rfd8 16. Rad1 Bxa2 17. Nc2 Bb3 18. Rd2 Bxc2 19. Bxc2 a5 20. Rfd1 Rab8 21. Rd5 a4 22. Qd3 Bf8 23. Rxb5 Qc7 24. Bxa4 Rxb5 25. Bxb5 Rb8 26. b4 f5 27. exf5 e4 28. Qd5 Qxc3 29. Bc4 Qf6 30. b5 Kh8 31. Rb1 Bh6 32. b6 e3 33. b7 exf2+ 34. Kxf2 Qh4+ 35. Kg1 Qf6 36. Rd1 Be3+ 37. Kh1 Bf4 38. g3 Be5 39. Rb1 Qh6 40. Qxf7 Bxg3 41. Rb2 Qc1+ 42. Kg2 Qxb2+ 43. Kxg3 Qg7+ 44. Qxg7+ Kxg7 45. Bd5 Kf6 46. Kf4 h6 47. h3 Rf8 0-1


[Site "https://www.chess.com"]

[Event "Titled Tuesday Blitz June 20 Early 2023"]
[White "Lohani, Sujana"]
[Black "Thiel, Thomas"]
[WhiteFideId "12311987"]
[BlackFideId "4615964"]
[WhiteElo "1718"]
[BlackElo "2224"]
[Result "0-1"]
[Round "4"]
[TimeControl "180+2"]
[Date "2023.06.20"]
[WhiteClock "0:00:33"]
[BlackClock "0:01:13"]
[Board "231"]

1. d4 d5 2. Nf3 Nf6 3. c4 dxc4 4. e3 Bg4 5. Bxc4 e6 6. O-O Bd6 7. Nc3 Nc6 8. h3 Bh5 9. e4 Bxf3 10. Qxf3 Nxd4 11. Qd1 O-O 12. Be3 e5 13. Kh1 c6 14. Bxd4 exd4 15. Qxd4 Qe7 16. Rae1 Be5 17. Qe3 Qb4 18. Bb3 Bxc3 19. bxc3 Qa5 20. f4 Rae8 21. e5 Nd5 22. Bxd5 cxd5 23. Re2 Re6 24. f5 Rc6 25. e6 fxe6 26. f6 Qxc3 27. fxg7 Rxf1+ 28. Kh2 Qxe3 29. Rxe3 Kxg7 0-1


[Site "https://www.chess.com"]

[Event "Titled Tuesday Blitz June 20 Early 2023"]
[White "Vila Dupla, Aurelio"]
[Black "Vargas, Mauricio"]
[WhiteFideId "2203383"]
[BlackFideId "4404572"]
[WhiteElo "2009"]
[BlackElo "1986"]
[Result "1-0"]
[Round "4"]
[TimeControl "180+2"]
[Date "2023.06.20"]
[WhiteClock "0:00:21"]
[BlackClock "0:00:12"]
[Board "232"]

1. Nf3 Nc6 2. d4 d6 3. g3 g6 4. Bg2 Bg7 5. O-O Nf6 6. c4 e6 7. Nc3 Rb8 8. Rb1 a6 9. b4 O-O 10. b5 axb5 11. cxb5 Ne7 12. e4 Ra8 13. h3 Qe8 14. Be3 Bd7 15. Qd2 Ra3 16. Rfc1 Rxc3 17. Qxc3 Nxe4 18. Qxc7 Bxb5 19. Rxb5 Qxb5 20. Qxe7 Qb2 21. Rc7 b5 22. Ra7 b4 23. Qb7 Qb1+ 24. Kh2 Nc3 25. Nd2 Qd1 26. Bf3 Ne2 27. Bxe2 Qxe2 28. Qxb4 Rc8 29. Qxd6 Bf8 30. Qd7 Rc1 31. Qxf7+ Kh8 32. Qxh7# 1-0


[Site "https://www.chess.com"]

[Event "Titled Tuesday Blitz June 20 Early 2023"]
[White "Carlsen, Magnus"]
[Black "Gurel, Ediz"]
[WhiteFideId "1503014"]
[BlackFideId "44507356"]
[WhiteElo "2858"]
[BlackElo "2352"]
[Result "1-0"]
[Round "5"]
[TimeControl "180+2"]
[Date "2023.06.20"]
[WhiteClock "0:00:13"]
[BlackClock "0:00:01"]
[Board "1"]

1. d4 Nf6 2. Bf4 e6 3. Nf3 b6 4. c4 Bb7 5. e3 Be7 6. Nc3 O-O 7. Bd3 d5 8. O-O c5 9. dxc5 Bxc5 10. cxd5 Nxd5 11. Nxd5 Qxd5 12. Qc2 Qh5 13. Ng5 e5 14. Be2 Qg6 15. Qxg6 hxg6 16. Bxe5 f6 17. Bc4+ Kh8 18. Bxb8 Raxb8 19. Ne6 Rfc8 20. Rac1 Bd6 21. Rfd1 Be5 22. b3 Be4 23. Ba6 Re8 24. Nd4 Red8 25. f3 Bd5 26. Nb5 Be6 27. f4 Bb2 28. Rxd8+ Rxd8 29. Rc2 Rd1+ 30. Kf2 Bc1 31. Nd4 Bf5 32. Nxf5 gxf5 33. Be2 Rh1 34. Bf1 Ba3 35. Rc7 a5 36. h3 Bc5 37. Bd3 g6 38. Rf7 Ra1 39. a4 Rd1 40. Bc4 Rd6 41. Kf3 Bb4 42. g4 fxg4+ 43. hxg4 Bc5 44. e4 g5 45. e5 fxe5 46. fxe5 Rd4 47. e6 Rf4+ 48. Rxf4 gxf4 49. Kxf4 Kg7 50. Ke5 Be7 51. Kd5 Kf8 52. Kc6 Bc5 53. g5 Be3 54. g6 Bc5 55. Kd7 1-0


[Site "https://www.chess.com"]

[Event "Titled Tuesday Blitz June 20 Early 2023"]
[White "Kozak, Adam"]
[Black "Nakamura, Hikaru"]
[WhiteFideId "753246"]
[BlackFideId "2016192"]
[WhiteElo "2469"]
[BlackElo "2874"]
[Result "1/2-1/2"]
[Round "5"]
[TimeControl "180+2"]
[Date "2023.06.20"]
[WhiteClock "0:02:15"]
[BlackClock "0:01:58"]
[Board "2"]

1. d4 Nf6 2. c4 e6 3. Nc3 Bb4 4. e3 O-O 5. Bd3 c5 6. Ne2 Nc6 7. O-O d6 8. a3 Bxc3 9. Nxc3 e5 10. dxe5 dxe5 11. Qc2 Ne7 12. Ne4 Nxe4 13. Bxe4 f5 14. Rd1 Qc7 15. Bd5+ Nxd5 16. cxd5 Qd6 17. b4 cxb4 18. axb4 Bd7 19. Qc5 Qxc5 20. bxc5 Bb5 1/2-1/2


[Site "https://www.chess.com"]

[Event "Titled Tuesday Blitz June 20 Early 2023"]
[White "Nihal Sarin"]
[Black "Shimanov, Aleksandr"]
[WhiteFideId "25092340"]
[BlackFideId "4198603"]
[WhiteElo "2689"]
[BlackElo "2631"]
[Result "0-1"]
[Round "5"]
[TimeControl "180+2"]
[Date "2023.06.20"]
[WhiteClock "0:00:00"]
[BlackClock "0:00:24"]
[Board "3"]

1. Nf3 d5 2. d4 Nf6 3. c4 e6 4. Nc3 c5 5. e3 cxd4 6. exd4 Be7 7. a3 O-O 8. c5 b6 9. b4 a5 10. Rb1 Ne4 11. Qc2 f5 12. Be2 Bf6 13. O-O axb4 14. axb4 Nc6 15. Rd1 bxc5 16. bxc5 Ba6 17. Rb6 Bxe2 18. Nxe2 Qd7 19. Bf4 Ra7 20. h4 h6 21. h5 Rfa8 22. Qb1 Ra2 23. Qb5 Rc8 24. Rb1 Kh7 25. Ng3 Qe8 26. Qb3 Ra7 27. Rd1 Rca8 28. Qb5 Ra1 29. Rxa1 Rxa1+ 30. Nf1 Nc3 31. Qd3 Ne4 32. Qb5 Nc3 33. Qb2 Nxd4 34. Nxd4 Bxd4 35. Qc2 Qxh5 36. Be3 Ne2+ 0-1


[Site "https://www.chess.com"]